 Dungeon Crawl Stone Soup version 0.25-a0-734-g73332aeda9 (webtiles) character file.

Game seed: 11313369885455736912, levelgen mode: deterministic

343 ReteAZ the Archer (level 6, 0/48 HPs)
             Began as a Centaur Hunter on Apr 10, 2020.
             Slain by a worker ant (6 damage)
             ... on level 4 of the Dungeon.
             The game lasted 00:07:08 (3469 turns).

ReteAZ the Archer (Centaur Hunter)                  Turns: 3469, Time: 00:07:08

Health: 0/48       AC:  5    Str: 18    XL:     6   Next: 31%
Magic:  6/6        EV:  9    Int: 10    God:
Gold:   97         SH:  0    Dex: 12    Spells: 5/5 levels left

rFire    . . .     SeeInvis .   b - +2 dagger (protect)
rCold    . . .     Gourm    .   (no shield)
rNeg     . . .     Faith    .   c - +0 leather armour
rPois    .         Spirit   .   (no helmet)
rElec    .         Reflect  .   k - +0 cloak
rCorr    .         Harm     .   (no gloves)
MR       .....                  (no barding)
Stlth    +.........             (no amulet)
HPRegen  0.16/turn              o - +4 ring of strength
MPRegen  0.10/turn              (no ring)

@: lethally poisoned (0 -> -10), very quick
A: large, hooves 3, deformed body, speed 2, tough skin 3
a: no special abilities


You were on level 4 of the Dungeon.
You were not hungry.

You visited 1 branch of the dungeon, and saw 4 of its levels.

You collected 97 gold pieces.

Inventory:

Hand Weapons
 a - a +1 shortbow
 b - a +2 dagger of protection (weapon)
 e - a +0 short sword
Missiles
 d - 28 arrows
 g - 11 javelins (quivered)
 i - 48 stones
 u - 9 poisoned darts
Armour
 c - a +0 leather armour (worn)
 k - a +0 cloak (worn)
Jewellery
 o - a +4 ring of strength (left hand)
Scrolls
 j - a scroll of identify {unknown}
 l - a scroll of immolation {unknown}
 m - a scroll of enchant armour {unknown}
 q - 2 scrolls of blinking {unknown}
 r - a scroll of fear {unknown}
 s - 3 scrolls of teleportation {unknown}
 t - a scroll of remove curse {unknown}
Potions
 h - a potion of heal wounds {unknown}
 n - a potion of ambrosia {unknown}
 p - a potion of degeneration {unknown}
Comestibles
 f - 3 rations
 v - 4 chunks of flesh


   Skills:
 - Level 2.0 Fighting
 + Level 9.1 Bows
 + Level 3.3 Throwing
 - Level 1.3 Dodging
 - Level 0.4 Stealth


You had 5 spell levels left.
You didn't know any spells.
Your spell library was empty.

Dungeon Overview and Level Annotations

Branches:
Dungeon (4/15)
 Temple: D:4-7

Altars:


Innate Abilities, Weirdness & Mutations

You have hooves in place of feet.
Armour fits poorly on your strangely shaped body.
You cover ground very quickly.
You have extremely tough skin. (AC +3)


Message History

You feel sick. The worker ant bites you.
* * * LOW HITPOINT WARNING * * *
You are lethally poisoned!
The worker ant poisons you!
Throwing (i - inventory. (/) - cycle)
g - 13 javelins (quivered)
Press: ? - help, Shift-Dir - straight line, f/p - worker ant
Aim: a worker ant (moderately wounded)
You throw a javelin.
The javelin pierces through the worker ant.
The worker ant is severely wounded.
* * * LOW HITPOINT WARNING * * *
You feel sick. The worker ant barely misses you. x2
Throwing (i - inventory. (/) - cycle)
g - 12 javelins (quivered)
Press: ? - help, Shift-Dir - straight line, f/p - worker ant
Aim: a worker ant (severely wounded)
You throw a javelin.
The javelin closely misses the worker ant.
* * * LOW HITPOINT WARNING * * *
You feel sick. The worker ant bites you.
You die...

#...)).# ###...##
##.......# ##..<.##
##......## #..(.....#
####.##
#........###..†.....#
##.###........##..#......#
##.###........#..#......#
##.##..........###....##
#..##.........# ....#
##..#.....a..## #...#
##..#...@....# #?##
##..#.......# ##
##..#.......# ##.........#
##...#....# ##.###.....
#.# #.... ### ####


You could see a worker ant.

Vanquished Creatures
  2 orc priests
  An iguana (D:3)
  Natasha (D:3)
  An orc wizard (D:4)
  2 worker ants
  6 adders
  4 worms
  4 dart slugs
  6 leopard geckos
  11 orcs
  6 bats
  A giant cockroach (D:2)
  7 hobgoblins
  6 jackals
  A ball python skeleton (D:4)
  5 frilled lizards
  2 goblins (D:1)
  4 kobolds
  11 rats
81 creatures vanquished.

Notes
Turn   | Place    | Note
-------+----------+-------------------------------------------
     0 | D:1      | ReteAZ the Centaur Hunter began the quest for the Orb.
     0 | D:1      | Reached XP level 1. HP: 17/17 MP: 1/1
   115 | D:1      | Reached XP level 2. HP: 18/24 MP: 2/2
   117 | D:1      | Reached skill level 6 in Bows
   978 | D:2      | Reached XP level 3. HP: 29/29 MP: 3/3
  1105 | D:2      | Reached skill level 7 in Bows
  1296 | D:2      | Reached XP level 4. HP: 27/36 MP: 4/4
  2063 | D:3      | Reached skill level 8 in Bows
  2063 | D:3      | Reached skill level 1 in Throwing
  2065 | D:3      | Reached XP level 5. HP: 36/41 MP: 5/5
  2269 | D:3      | You fall into a shaft and drop 1 floor!
  2902 | D:4      | Noticed Natasha
  3021 | D:3      | Killed Natasha
  3021 | D:3      | Reached XP level 6. HP: 38/48 MP: 6/6
  3415 | D:4      | Reached skill level 9 in Bows
  3469 | D:4      | Slain by a worker ant

Levels and vault maps discovered:
D:1:      dpeg_arrival_rooms_with_view, layout_basic
D:2:      layout_rooms
D:3:      layout_basic, first_ration, kennysheep_generic_room_15
D:4:      layout_cave_pods, minmay_temple_entry_ruins, uniq_natasha,
          uniq_grinder, uniq_duvessa

Skill      XL: |  1  2  3  4  5  6 |
---------------+-------------------+-----
Bows           | 6 7 8 9 |  9.1
Throwing       | 1 2 3 |  3.3
Fighting       | |  2.0
Dodging        | |  1.3
Stealth        | |  0.4

Action                   |  1- 3 |  4- 6 || total
-------------------------+-------+-------++-------
Melee: Dagger            |    96 |   156 ||   252
       Kick              |    21 |    46 ||    67
 Fire: Shortbow          |     4 |    21 ||    25
Throw: Javelin           |       |    21 ||    21
  Eat: Chunk             |       |     6 ||     6
Armor: Leather armour    |    46 |    87 ||   133
Dodge: Dodged            |    49 |    73 ||   122

Table legend:
 A = Non-vault XP
 B = Vault XP
 C = Vault XP percentage of total XP
 D = Non-vault monster count
 E = Vault monster count
 F = Vault count percentage of total count
                 A         B        C        D         E       F
            +---------+---------+-------+---------+---------+-------
      Total |     452 |      39 |   7.9 |      77 |       4 |   4.9
            +---------+---------+-------+---------+---------+-------
        D:1 |      37 |       3 |   7.5 |      20 |       2 |   9.1
        D:2 |      96 |       0 |   0.0 |      24 |       0 |   0.0
        D:3 |     199 |      36 |  15.3 |      27 |       2 |   6.9
        D:4 |     120 |       0 |   0.0 |       6 |       0 |   0.0
            +---------+---------+-------+---------+---------+-------
